 Dungeon Crawl Stone Soup version 0.27-a0-1290-g15d3ce7508 (webtiles) character file.

Game seed: 1480641296843517085

641 Ijustatesigmund the Sneak (level 7, 0/37 HPs)
             Began as a Spriggan Brigand on June 15, 2021.
             Killed from afar by an orc wizard (3 damage)
             ... with a magic dart
             ... on level 4 of the Dungeon.
             The game lasted 00:10:24 (5454 turns).

Ijustatesigmund the Sneak (Spriggan Brigand)        Turns: 5454, Time: 00:10:24

Health: 0/37       AC:  3    Str:  7    XL:     7   Next: 26%
Magic:  8/8        EV: 19    Int: 13    God:
Gold:   73         SH:  6    Dex: 18    Spells: 6/6 levels left

rFire    . . .     SeeInvis +   a - +1 short sword (vamp)
rCold    . . .     Faith    .   h - +0 buckler
rNeg     . . .     Spirit   .   b - +0 robe
rPois    .         Reflect  .   (helmet restricted)
rElec    .         Harm     .   c - +0 cloak
rCorr    .         Rampage  .   (gloves unavailable)
Will     +....                  (boots unavailable)
Stlth    ++++......             (no amulet)
HPRegen  0.12/turn              (no ring)
MPRegen  0.11/turn              (no ring)

@: mighty, very quick
A: very small, no large weapons, unfitting armour, see invisible, speed 3
a: no special abilities


You were on level 4 of the Dungeon.
You visited 1 branch of the dungeon, and saw 4 of its levels.

You collected 133 gold pieces.
You spent 60 gold pieces at shops.

Inventory:

Hand Weapons
 a - a +1 vampiric short sword (weapon)
 d - a +2 dagger
Missiles
 f - 13 poisoned darts (quivered)
Armour
 b - a +0 robe (worn)
 c - a +0 cloak (worn)
 h - a +0 buckler (worn)
Jewellery
 e - an amulet of faith
Wands
 l - a wand of polymorph (7)
Scrolls
 g - a scroll of teleportation
 k - a scroll of fog
 n - a scroll of vulnerability {unknown}
Potions
 j - a potion of brilliance {unknown}
 m - a potion of haste {unknown}


   Skills:
 - Level 3.8 Fighting
 - Level 5.0 Short Blades
 - Level 2.0 Throwing
 - Level 5.5 Dodging
 + Level 6.7 Stealth
 + Level 1.2 Shields


You had 6 spell levels left.
You didn't know any spells.
Your spell library contained the following spells:

 Spells                   Type           Power      Damage    Failure   Level
 Corona                   Hex            0%         N/A       43%         1
 Summon Small Mammal      Summ           0%         N/A       43%         1
 Call Imp                 Summ           0%         N/A       56%         2
 Ensorcelled Hibernation  Hex/Ice        0%         N/A       56%         2
 Call Canine Familiar     Summ           0%         N/A       80%         3
 Confusing Touch          Hex            0%         N/A       80%         3
 Dazzling Flash           Conj/Hex       0%         N/A       80%         3
 Summon Guardian Golem    Hex/Summ       0%         N/A       80%         3
 Tukima's Dance           Hex            0%         N/A       80%         3
 Summon Ice Beast         Ice/Summ       0%         N/A       99%         4
 Summon Lightning Spire   Summ/Air       0%         N/A       99%         4


Dungeon Overview and Level Annotations

Branches:
Dungeon (4/15)
 Temple: D:4-7

Altars:
Zin

Shops:
D:3 ?

Annotations:
D:4 Ijyb


Innate Abilities, Weirdness & Mutations

You are very small and have problems with some larger weapons.
You are too small for most types of armour.
You have supernaturally acute eyesight. (SInv)
You cover ground extremely quickly. (Speed+++)


Message History

The orc closely misses you.
You hit the orc.
You feel better.
You kill the orc!
You hit the orc wizard.
The orc wizard is lightly wounded.
The orc wizard casts a spell.
The orc wizard flickers and vanishes for a moment.
You hit the orc wizard.
You feel better.
The orc wizard is moderately wounded.
The orc wizard hits you with a +0 dagger.
You miss the orc wizard.
The orc wizard is moderately wounded.
The orc wizard completely misses you. Ijyb hits you with a +0 club.
You barely miss the orc wizard.
The orc wizard is moderately wounded.
The orc wizard hits you with a +0 dagger.
Ijyb barely misses you.
You hit the orc wizard.
You feel better.
The orc wizard is moderately wounded.
The orc wizard closely misses you.
Ijyb screams, "Get away!"
Ijyb zaps a wand.
The bolt of acid hits you!
You are splashed with acid!
* * * LOW HITPOINT WARNING * * *
You are too injured to fight recklessly!
You are too injured to fight recklessly!
You are too injured to fight recklessly!
You are too injured to fight recklessly!
Okay, then.
It was a potion of might.
You feel very mighty all of a sudden. You block Ijyb's attack.
You puncture the orc wizard!
The orc wizard is almost dead.
The orc wizard misses you.
You barely miss the orc wizard.
The orc wizard is almost dead.
Ijyb barely misses you. The orc wizard casts a spell at you.
The magic dart hits you.
You die...

........#...............#......
#....##...###..###...##.....
####....##...###..# #...#######
#.............#[........#
#.............#.........#
#.............#.........#
#......###...####.####..# #...
###....####+#####.####..# #...
#............@o)...... ....
#.............g....... ....
#..................... ....
#..................... ....
#..................... ....
#..................... ....
##....#..#...###+##### #.##
############# #### ....


You could see Ijyb and an orc wizard (invisible).

Vanquished Creatures
  Sigmund (D:4)
  A scorpion (D:4)
  A jelly (D:4)
  An orc priest (D:4)
  Jessica (D:2)
  Natasha (thrice) (D:3)
  Robin (D:2)
  7 gnolls
  8 adders
  A worm (D:2)
  3 dart slugs
  7 orcs
  7 ball pythons
  7 bats
  9 endoplasms
  5 giant cockroaches
  18 goblins
  10 hobgoblins
  4 jackals (D:2)
  7 kobolds
  2 quokkas
  A frilled lizard (D:1)
  12 rats
117 creatures vanquished.

Notes
Turn   | Place    | Note
-------+----------+-------------------------------------------
     0 | D:1      | Ijustatesigmund the Spriggan Brigand began the quest for
                  | the Orb.
     0 | D:1      | Reached XP level 1. HP: 10/10 MP: 2/2
     9 | D:1      | You fall into a shaft and drop 1 floor!
    75 | D:1      | Reached XP level 2. HP: 9/13 MP: 3/3
   932 | D:1      | Found a faded altar of an unknown god.
  1008 | D:1      | Reached XP level 3. HP: 18/18 MP: 4/4
  1864 | D:2      | Noticed Jessica
  1870 | D:2      | Killed Jessica
  1871 | D:2      | Reached XP level 4. HP: 23/23 MP: 5/5
  3404 | D:3      | Found Dotir's Magic Scroll Shoppe.
  3486 | D:3      | Noticed Robin
  3654 | D:2      | Killed Robin
  3655 | D:2      | Reached XP level 5. HP: 23/28 MP: 6/6
  3993 | D:3      | Found a glowing silver altar of Zin.
  4018 | D:3      | Noticed Natasha
  4031 | D:3      | Killed Natasha
  4395 | D:3      | Bought a scroll of teleportation for 36 gold pieces
  4395 | D:3      | Bought a scroll of fog for 24 gold pieces
  4472 | D:3      | Noticed Natasha
  4480 | D:3      | Killed Natasha
  4481 | D:3      | Reached XP level 6. HP: 32/32 MP: 7/7
  4533 | D:3      | Noticed Natasha
  4537 | D:3      | Killed Natasha
  4763 | D:4      | Noticed Sigmund
  4766 | D:4      | Killed Sigmund
  4767 | D:4      | Reached skill level 5 in Dodging
  4835 | D:4      | Reached skill level 5 in Short Blades
  4905 | D:4      | Reached skill level 6 in Stealth
  4905 | D:4      | Reached XP level 7. HP: 37/37 MP: 8/8
  5133 | D:4      | Reached skill level 1 in Shields
  5440 | D:4      | Noticed Ijyb
  5454 | D:4      | Killed from afar by an orc wizard

Illustrated notes

Levels and vault maps discovered:
D:1:      arrival_zaba_pyramid, layout_basic, chequers_ecumenical_altar_island
D:2:      layout_basic, roderic_lattice_a, uniq_jessica
D:3:      layout_rooms, lemuel_round_altar, serial_shops, shop, uniq_robin,
          uniq_natasha
D:4:      cheibrodos_thug_alley, layout_gridville, serial_bayou_pond_a,
          uniq_sigmund, uniq_ijyb

Skill      XL: |  1  2  3  4  5  6  7 |
---------------+----------------------+-----
Dodging        | 2 3 4 5 |  5.5
Fighting       | 2 3 |  3.8
Short Blades   | 3 4 5 |  5.0
Stealth        | 6 |  6.7
Shields        | 1 |  1.2
Throwing       | |  2.0

Action                   |  1- 3 |  4- 6 |  7- 9 || total
-------------------------+-------+-------+-------++-------
Melee: Dagger            |   107 |   106 |       ||   213
       Short sword       |       |   149 |    61 ||   210
Throw: Dart              |     6 |    28 |     4 ||    38
  Use: Scroll            |       |     5 |       ||     5
       Potion            |       |       |     1 ||     1
 Stab: Sleeping          |    12 |    10 |     2 ||    24
       Distracted        |       |     1 |     1 ||     2
Armor: Robe              |    13 |    32 |     4 ||    49
Dodge: Dodged            |    78 |   174 |    43 ||   295
Block: Buckler           |     1 |    70 |     7 ||    78

Table legend: (Time is in decaauts)
 A = Elapsed time spent in this place.
 B = Non-inter-level travel time spent in this place.
 C = Inter-level travel time spent in this place.
 D = Time resting spent in this place.
 E = Time spent auto-exploring this place.
 F = Levels seen in this place.
 G = Mean time per level.
                   A        B        C        D        E       F      G
               +--------+--------+--------+--------+--------+-----+--------+
         Total |   4319 |   4261 |     58 |   1301 |   2045 |   4 | 1079.8 |
       Dungeon |   4319 |   4261 |     58 |   1301 |   2045 |   4 | 1079.8 |
               +--------+--------+--------+--------+--------+-----+--------+

Top non-repeatable levels by time:
     D:2: 1719 daAuts
     D:1: 1384 daAuts
     D:3: 835 daAuts
     D:4: 380 daAuts
